 Dungeon Crawl Stone Soup version 0.31.0-12-g77e489cdc1 (webtiles) character file.

Game seed: 3512982311661607044

43 KennySheep the Chopper (level 3, -3/31 HPs)
             Began as a Hill Orc Monk on Mar 2, 2024.
             Was a Priest of Beogh.
             Slain by Terence
             ... wielding a +2 short sword of speed
              (6 damage)
             ... on level 2 of the Dungeon.
             The game lasted 00:01:48 (763 turns).

KennySheep the Chopper (Hill Orc Monk)               Turns: 763, Time: 00:01:49

Health: -3/31      AC:  2    Str: 15    XL:     3   Next: 58%
Magic:  0/3        EV: 12    Int: 10    God:    Beogh [***...]
Gold:   90         SH:  0    Dex: 13    Spells: 2/2 levels left

rFire   . . .        a - +0 hand axe
rCold   . . .        d - orb {light}
rNeg    . . .        b - +0 robe
rPois   .            (no helmet)
rElec   .            (no cloak)
rCorr   .            (no gloves)
SInv    .            (no boots)
Will    .....        (no amulet)
Stlth   +            (no ring)
HPRegen 0.25/turn    (no ring)
MPRegen 0.08/turn

%: no passive effects
@: glowing
A: no striking features
a: Renounce Religion, Smiting


You were on level 2 of the Dungeon.
You worshipped Beogh.
Beogh was most pleased with you.
You visited 1 branch of the dungeon, and saw 2 of its levels.

You collected 90 gold pieces.

Inventory:

Hand Weapons
 a - a +0 hand axe (weapon)
Armour
 b - a +0 robe (worn)
 d - an orb of light (worn)
Scrolls
 e - a scroll of immolation {unknown}
 g - a scroll of poison {unknown}
Potions
 c - a potion of ambrosia
 f - a potion of attraction {unknown}
 h - a potion of magic {unknown}
 i - a potion of degeneration {unknown}


   Skills:
 - Level 3.6 Fighting
 * Level 5.7 Axes
 - Level 2.4 Dodging
 + Level 1.2 Invocations


You had 2 spell levels left.
You didn't know any spells.
Your spell library contained the following spells:

 Spells                   Type           Power      Damage    Failure   Level
 Sting                    Conj/Alch      0%         1d3       36%         1
 Blink                    Tloc           0%         N/A       50%         2
 Lesser Beckoning         Tloc           0%         N/A       50%         2
 Mercury Vapours          Alch/Air       0%         N/A       50%         2
 Momentum Strike          Conj/Tloc      0%         3d8       50%         2
 Olgreb's Toxic Radiance  Alch           0%         N/A       98%         4


Dungeon Overview and Level Annotations

Branches:
Dungeon (2/15)

Altars:
Okawaru
Beogh

Annotations:
D:2 Terence


Message History

You slash the ball python!
You kill the ball python!
Beogh accepts your kill.
No target in view!
Found a stone staircase leading down.
i - a golden potion Terence the Incautious comes into view.
He is wielding a +2 short sword of speed and carrying a wand of flame.
Found a stone staircase leading up.
Terence shouts!
Terence is nearby!
Terence is nearby!
Okay, then.
You hit Terence.
Terence is moderately wounded.
Terence hits you with a +2 short sword of speed!
You hit Terence but do no damage.
Terence is moderately wounded.
Terence hits you with a +2 short sword of speed. x2
You hit Terence.
Terence is moderately wounded.
Terence hits you with a +2 short sword of speed.
Aiming: Smiting
Press: ? - help, Dir - move target, f - Terence Smite: Terence, wielding a +2 short sword of speed, wearing a +0 scale mail and carrying a wand of flame (moderately wounded, haloed)
You smite Terence!
Terence is almost dead.
Terence hits you with a +2 short sword of speed!
* * * LOW HITPOINT WARNING * * *
Terence closely misses you.
Okay, then.
You hit Terence but do no damage.
Terence is almost dead.
Terence closely misses you.
You barely miss Terence.
Terence is almost dead.
Terence hits you with a +2 short sword of speed.
* * * LOW HITPOINT WARNING * * *
Terence hits you with a +2 short sword of speed.
You die...
Terence says, "Rest in peace."

## .# <# .# .#
########@#
#......@.###
#.##.........#
#.##.######.##
#........# #
####.###.# #.#
#.# #.# #.#
#.# #.#
#########.#
#.#


You could see Terence.

Vanquished Creatures
  An adder (D:2)
  2 dart slugs (D:1)
  4 ball pythons
  3 bats (D:1)
  3 endoplasms (D:1)
  4 giant cockroaches
  4 goblins (D:1)
  A quokka (D:1)
  5 frilled lizards
  4 rats
31 creatures vanquished.

Notes
Turn   | Place    | Note
-------+----------+-------------------------------------------
     0 | D:1      | KennySheep the Hill Orc Monk began the quest for the Orb.
     0 | D:1      | Reached XP level 1. HP: 19/19 MP: 1/1
   105 | D:1      | Reached XP level 2. HP: 26/26 MP: 2/2
   168 | D:1      | Reached skill level 5 in Axes
   316 | D:1      | Found a faded altar of an unknown god.
   331 | D:1      | Prayed at the altar of an unknown god.
   331 | D:1      | Became a worshipper of Beogh the Brigand
   331 | D:1      | Reached * piety under Beogh
   331 | D:1      | Reached ** piety under Beogh
   384 | D:1      | Reached XP level 3. HP: 31/31 MP: 3/3
   618 | D:2      | Reached *** piety under Beogh
   649 | D:2      | Reached skill level 1 in Invocations
   658 | D:2      | Found an iron altar of Okawaru.
   757 | D:2      | Noticed Terence
   763 | D:2      | Slain by Terence

Illustrated notes

Levels and vault maps discovered:
D:1:      minmay_arrival_split_and_join, layout_rooms,
          ebering_ecumenical_altar_mist
D:2:      layout_basic, basic_altar, hex_large, moated_statue,
          kennysheep_generic_room_13, uniq_terence

Skill      XL: |  1  2  3 |
---------------+----------+-----
Axes           | 5 |  5.7
Invocations    | 1 |  1.2
Fighting       | |  3.6
Dodging        | |  2.4

Action                     || total
---------------------------++-------
  Melee: Hand axe          ||    92
 Invoke: Smiting           ||     1
 Armour: Robe              ||    41
  Dodge: Dodged            ||    67
